 Dungeon Crawl Stone Soup version 0.30-a0-728-gc68057be0a (webtiles) character file.

Game seed: 4939032522511706557

136 gruber the Trooper (level 5, -4/42 HPs)
             Began as a Djinni Fire Elementalist on Jan 30, 2023.
             Slain by a gnoll
             ... wielding a +0 halberd
             ... led by a gnoll sergeant
              (9 damage)
             ... on level 4 of the Dungeon.
             The game lasted 00:03:00 (2392 turns).

gruber the Trooper (Djinni Fire Elementalist)       Turns: 2392, Time: 00:03:01

Health: -4/42      AC:  4    Str:  7    XL:     5   Next: 43%
Gold:   188        EV: 12    Int: 19    God:
                   SH:  0    Dex: 13

rFire   + + .      SeeInvis .    g - +0 dagger (freeze)
rCold   x . .      Faith    .    (no shield)
rNeg    . . .      Spirit   .    a - +0 robe
rPois   ∞          Reflect  .    (no helmet)
rElec   .          Harm     .    j - +0 cloak
rCorr   .          Rampage  .    i - +0 pair of gloves
Will    +....                    (boots unavailable)
Stlth   ++                       (no amulet)
HPRegen 0.27/turn                o - ring of willpower
MPRegen 0.00/turn                (no ring)

@: flying, very slightly contaminated
A: sickness immunity, fire resistance 2, cold vulnerability 1, float, innate
caster, HP casting, extra vitality 1
a: no special abilities


You were on level 4 of the Dungeon.
You visited 1 branch of the dungeon, and saw 4 of its levels.

You collected 188 gold pieces.

Inventory:

Hand Weapons
 g - a +0 dagger of freezing (weapon)
Armour
 a - a +0 robe (worn)
 i - a +0 pair of gloves (worn)
 j - a +0 cloak (worn)
Jewellery
 o - a ring of willpower (left hand)
Wands
 k - a wand of charming (8)
Scrolls
 c - a scroll of identify {unknown}
 f - 2 scrolls of teleportation {unknown}
 h - a scroll of amnesia {unknown}
 n - a scroll of acquirement {unknown}
 p - a scroll of fog {unknown}
 t - a scroll of enchant armour {unknown}
Potions
 b - a potion of magic
 d - a potion of mutation {unknown}
 e - 2 potions of resistance {unknown}
 l - a potion of cancellation {unknown}
 m - a potion of curing {unknown}
 q - 2 potions of invisibility {unknown}
 r - 2 potions of heal wounds {unknown}
 s - 4 potions of brilliance {unknown}
 u - a potion of might {unknown}
 v - a potion of degeneration {unknown}


   Skills:
 + Level 4.5 Fighting
 - Level 2.2 Dodging
 - Level 1.5 Stealth
 - Level 2.5 Spellcasting


You couldn't memorise any spells.
You knew the following spells:

 Your Spells              Type           Power      Damage    Failure   Level
a - Foxfire               Conj/Fire      44%        2x1d6     6%          1
b - Scorch                Fire           22%        2d6       9%          2
c - Kindle Blastsparks    Fire/Tloc/Air  22%        2d11      17%         3
d - Inner Flame           Hex/Fire       11%        N/A       17%         3
e - Flame Wave            Conj/Fire      11%        2d6       50%         4
f - Kiss of Death         Conj/Necr      44%        2d8       6%          1
g - Poisonous Vapours     Pois/Air       22%        N/A       9%          2
Your spell library was empty.

Dungeon Overview and Level Annotations

Branches:
Dungeon (4/15)
 Temple: D:4-7

Altars:
Gozag
Ru


Innate Abilities, Weirdness & Mutations

You are immune to sickness and miasma.
You are immune to poison.
Your flesh is very heat resistant. (rF++)
You are vulnerable to cold. (rC-)
You float through the air rather than walking.
You learn spells naturally, not from books.
Your magical power is your life essence.
You have superior vitality. (+4 MHP)


Message History

You are too injured to fight recklessly!
Unknown command.
Casting: Foxfire (safe; 6% risk of failure)
Confirm with . or Enter, or press ? or * to list all spells.
You conjure some foxfire!
The foxfire hits the gnoll sergeant.
The gnoll sergeant is heavily wounded.
The foxfire hits the gnoll sergeant.
The gnoll sergeant is severely wounded.
The gnoll hits you from afar with a +0 spear.
Unknown command.
Casting: Foxfire (safe; 6% risk of failure)
Confirm with . or Enter, or press ? or * to list all spells.
You conjure some foxfire!
The foxfire hits the gnoll but does no damage.
The gnoll is lightly wounded.
The foxfire hits the gnoll sergeant.
The gnoll sergeant is severely wounded.
The gnoll sergeant hits you from afar with a +0 heavy spear.
The gnoll barely misses you.
Unknown command.
Casting: Foxfire (safe; 6% risk of failure)
Confirm with . or Enter, or press ? or * to list all spells.
You miscast Foxfire.
You are very lightly contaminated with residual magic.
Nothing appears to happen.
The foxfire hits the gnoll sergeant.
The gnoll sergeant is almost dead.
The foxfire hits the gnoll sergeant.
The gnoll sergeant is almost dead.
The gnoll hits you from afar with a +0 spear.
* * * LOW HITPOINT WARNING * * *
The gnoll sergeant hits you from afar with a +0 heavy spear.
* * * LOW HITPOINT WARNING * * *
The gnoll closely misses you.
Unknown command.
Casting: Foxfire (safe; 6% risk of failure)
Confirm with . or Enter, or press ? or * to list all spells.
You conjure some foxfire!
* * * LOW HITPOINT WARNING * * *
The gnoll hits you from afar with a +0 halberd!
You die...

>......# ... ......#....
...†..#.... ..†.......
#.J....... ###ggg......
#....v..........
#$..@...........
#...v§.........
#..............
#.............####
#................#### .>
###......######..)..... ...
#........##......).....
...##........##............
.......)...####............


You could see a gnoll sergeant, 2 gnolls and an endoplasm.

Vanquished Creatures
  7 adders
  A worm (D:3)
  A dart slug (D:3)
  5 orcs
  4 ball pythons
  4 endoplasms
  2 giant cockroaches
  8 goblins
  10 hobgoblins
  2 jackals (D:3)
  3 quokkas
  4 bats
  5 frilled lizards
  4 kobolds
  3 rats
63 creatures vanquished.

Vanquished Creatures (others)
  398 foxfires
398 creatures vanquished.

Grand Total: 461 creatures vanquished

Notes
Turn   | Place    | Note
-------+----------+-------------------------------------------
     0 | D:1      | gruber the Djinni Fire Elementalist began the quest for the
                  | Orb.
     0 | D:1      | gruber set off with the following spells memorised:
                  | Foxfire, Scorch, Kindle Blastsparks, Inner Flame, Flame
                  | Wave.
     0 | D:1      | Reached XP level 1. HP: 15/15 MP: 0/0
   197 | D:1      | Found a faded altar of an unknown god.
   417 | D:1      | Reached skill level 1 in Fighting
   417 | D:1      | Reached XP level 2. HP: 17/22 MP: 0/0
   772 | D:2      | Reached skill level 2 in Fighting
   794 | D:2      | Reached XP level 3. HP: 15/28 MP: 0/0
   794 | D:2      | Learned a level 1 spell: Kiss of Death
  1054 | D:2      | Reached skill level 3 in Fighting
  1054 | D:2      | Reached XP level 4. HP: 31/35 MP: 0/0
  1226 | D:2      | Found a sacrificial altar of Ru.
  1611 | D:3      | Found an opulent altar of Gozag.
  1856 | D:3      | Reached skill level 4 in Fighting
  1861 | D:3      | Reached XP level 5. HP: 35/41 MP: 0/0
  1861 | D:3      | Learned a level 2 spell: Poisonous Vapours
  2392 | D:4      | Slain by a gnoll

Illustrated notes

Levels and vault maps discovered:
D:1:      spicycebolla_arrival_xxxplode, layout_basic,
          shapermc_ecumenical_altar_venn
D:2:      layout_basic, basic_altar
D:3:      layout_basic, mainiacjoe_overflow_paths
D:4:      layout_basic, mainiacjoe_overflow_chevrons

Skill      XL: |  1  2  3  4 |
---------------+-------------+-----
Fighting       | 1 2 3 4 |  4.5
Dodging        | |  2.2
Stealth        | |  1.5
Spellcasting   | |  2.5

Action                     |  1- 3 |  4- 6 || total
---------------------------+-------+-------++-------
  Melee: Unarmed           |     8 |       ||     8
         Dagger            |       |     2 ||     2
   Cast: Foxfire           |    88 |   135 ||   223
 Armour: Robe              |     8 |     6 ||    14
  Dodge: Dodged            |    16 |    11 ||    27

Table legend: (Time is in decaauts)
 A = Elapsed time spent in this place.
 B = Non-inter-level travel time spent in this place.
 C = Inter-level travel time spent in this place.
 D = Time resting spent in this place.
 E = Time spent auto-exploring this place.
 F = Levels seen in this place.
 G = Mean time per level.
                   A        B        C        D        E       F      G
               +--------+--------+--------+--------+--------+-----+--------+
         Total |   2390 |   2318 |     72 |      0 |   1919 |   4 |  597.5 |
       Dungeon |   2390 |   2318 |     72 |      0 |   1919 |   4 |  597.5 |
               +--------+--------+--------+--------+--------+-----+--------+

Top non-repeatable levels by time:
     D:2: 874 daAuts
     D:1: 729 daAuts
     D:3: 587 daAuts
     D:4: 198 daAuts
